 Dungeon Crawl Stone Soup version 0.31.0-32-g396128a36d (webtiles) character file.

Game seed: 16432753961011727944

218964 AgateBread the Impaler (level 18, -15/149 HPs)
             Began as a Merfolk Gladiator on Apr 23, 2024.
             Was an Initiate of Gozag.
             Killed from afar by an acid blob (16 damage)
             ... with a splash of acid
             ... on level 5 of the Pits of Slime on Apr 24, 2024.
             The game lasted 02:53:05 (41139 turns).

AgateBread the Impaler (Merfolk Gladiator)         Turns: 41139, Time: 02:53:06

Health: -15/149    AC: 34    Str: 23    XL:     18   Next: 63%
Magic:  18/18      EV: 11    Int: 10    God:    Gozag
Gold:   2960       SH:  0    Dex: 16    Spells: 17/17 levels left

rFire   + + +        l - +5 glaive of the Guard {elec, spectral}
rCold   . . .        (shield currently unavailable)
rNeg    . . .        u - +4 gold dragon scales
rPois   +            B - +3 crown of Dyrovepreva {rElec Int+2 SInv}
rElec   +            E - +2 cloak {rCorr}
rCorr   +            q - +2 pair of gloves
SInv    +            F - +1 pair of boots {rF+}
Will    +++..        i - amulet of the acrobat Stlth
                     t - ring "Epyrhol" {Fire Will+ Str+2}
HPRegen 0.44/turn    R - ring of willpower
MPRegen 0.16/turn

%: acrobat
@: corroded, gold aura, on berserk cooldown, fragile (+50% incoming damage),
studying Evocations
A: (nimble swimmer 2), mertail, claws 1, fangs 1, iridescent scales 1, subdued
magic 1
}: 2/15 runes: decaying, gossamer
a: Renounce Religion, Potion Petition, Call Merchant, Bribe Branch


You were on level 5 of the Pits of Slime.
You worshipped Gozag.
Gozag was most pleased with you.
You visited 7 branches of the dungeon, and saw 32 of its levels.
You also visited: Sewer, Bailey, Gauntlet and Volcano.

You collected 11453 gold pieces.
You spent 5729 gold pieces at shops.
You paid 2764 gold pieces to Gozag.

Inventory:

Hand Weapons
 f - the +8 triple sword of Xom's Reproof {flame, Str+3}
   (You found it in a bailey)

   Str+3:     It affects your strength (+3).
 g - a +2 vampiric demon trident
 l - the +5 glaive of the Guard (weapon) {elec, spectral}
   (You acquired it on level 6 of the Dungeon)
 o - the +16 obsidian axe {drain, demonic, Mesm ^Drain Fly SInv}
   (You bought it in a shop on level 3 of the Spider Nest)

   Mesm:      Its wielder is mesmerised by any visible foes, and it cannot be
   unequipped while any foes are visible.
   SInv:      It lets you see invisible.
   Fly:       It grants you flight.
   ^Drain:    It drains your maximum health when unequipped.
 Q - a +0 bardiche of protection
Missiles
 d - a throwing net
 G - 33 javelins
Armour
 e - a +10 plate armour of ponderousness
 n - a +0 buckler of positive energy
 q - a +2 pair of gloves (worn)
 u - +4 gold dragon scales (worn)
 y - a scarf of resistance
 B - the +3 crown of Dyrovepreva (worn) {rElec Int+2 SInv}
   (You found it on level 4 of the Spider Nest)

   Int+2:     It affects your intelligence (+2).
   rElec:     It insulates you from electricity.
   SInv:      It lets you see invisible.
 D - a +0 kite shield
 E - a +2 cloak of preservation (worn)
 F - a +1 pair of boots of fire resistance (worn)
Jewellery
 b - the ring "Xueca" {Wiz rC+ Str-2 Int+3 Dex+9}
   (You found it in a Gauntlet)

   [ring of wizardry]

   Wiz:       It improves your spell success rate.
   Str-2:     It affects your strength (-2).
   Int+3:     It affects your intelligence (+3).
   Dex+9:     It affects your dexterity (+9).
   rC+:       It protects you from cold.
 c - an amulet of regeneration
 i - an amulet of the acrobat (around neck)
 t - the ring "Epyrhol" (left hand) {Fire Will+ Str+2}
   (You found it in a Gauntlet)

   [ring of fire]

   Fire:      It enhances your fire magic.
   Str+2:     It affects your strength (+2).
   rF+:       It protects you from fire.
   rC-:       It makes you vulnerable to cold.
   Will+:     It increases your willpower.
 z - a +6 ring of strength
 R - a ring of willpower (right hand)
 S - a ring of poison resistance
 U - an amulet of reflection
 W - a ring of see invisible
 Z - a ring of protection from cold
Wands
 a - a wand of light (17)
 X - a wand of digging (9)
Scrolls
 j - 18 scrolls of teleportation
 r - a scroll of blinking
 v - 2 scrolls of butterflies
 x - a scroll of fear
 A - a scroll of silence
 C - 2 scrolls of revelation
 H - 4 scrolls of fog
 K - 8 scrolls of enchant weapon
 O - 4 scrolls of vulnerability
 Y - 2 scrolls of brand weapon
Potions
 h - a potion of berserk rage
 k - 7 potions of lignification
 m - 11 potions of curing
 p - 5 potions of haste
 s - 3 potions of invisibility
 w - a potion of might
 L - 6 potions of mutation
 M - 2 potions of attraction
 N - 6 potions of ambrosia
Miscellaneous
 P - a condenser vane


   Skills:
 - Level 15.0 Fighting
 - Level 14.5(16.6) Axes
 - Level 20.0(23.7) Polearms
 - Level 2.6 Throwing
 - Level 14.2 Armour
 - Level 16.0 Dodging
 + Level 7.6 Evocations


You had 17 spell levels left.
You didn't know any spells.
Your spell library contained the following spells:

 Spells                   Type           Power      Damage    Failure   Level
 Sandblast                Erth           0%         2d4       100%        1
 Sting                    Conj/Alch      0%         1d3       100%        1
 Summon Small Mammal      Summ           0%         N/A       100%        1
 Ensorcelled Hibernation  Hex/Ice        0%         N/A       100%        2
 Mercury Vapours          Alch/Air       0%         N/A       100%        2
 Static Discharge         Conj/Air       0%         3-3/arc   100%        2
 Call Canine Familiar     Summ           0%         N/A       100%        3
 Frozen Ramparts          Ice            0%         1d1       100%        3
 Fugue of the Fallen      Necr           0%         N/A       100%        3
 Gell's Gravitas          Tloc           0%         N/A       100%        3
 Passwall                 Erth           0%         N/A       100%        3
 Stone Arrow              Conj/Erth      0%         3d7       100%        3
 Summon Ice Beast         Ice/Summ       0%         N/A       100%        3
 Teleport Other           Tloc           0%         N/A       100%        3
 Tukima's Dance           Hex            0%         N/A       100%        3
 Airstrike                Air            0%         2d(0-16)  100%        4
 Anguish                  Hex/Necr       0%         N/A       100%        4
 Animate Armour           Summ/Erth      0%         N/A       100%        4
 Brom's Barrelling Bould  Conj/Erth      0%         2d3       100%        4
 Dimensional Bullseye     Hex/Tloc       0%         N/A       100%        4
 Iskenderun's Mystic Bla  Conj/Tloc      0%         2d3       100%        4
 Leda's Liquefaction      Alch/Erth      0%         N/A       100%        4
 Olgreb's Toxic Radiance  Alch           0%         N/A       100%        4
 Petrify                  Alch/Erth      0%         N/A       100%        4
 Summon Blazeheart Golem  Fire/Summ      0%         N/A       100%        4
 Summon Lightning Spire   Summ/Air       0%         N/A       100%        4
 Lee's Rapid Deconstruct  Erth           0%         3d4*      100%        5
 Metabolic Englaciation   Hex/Ice        0%         N/A       100%        5
 Summon Mana Viper        Hex/Summ       0%         N/A       100%        5
 Dispersal                Tloc           0%         N/A       100%        6
 Monstrous Menagerie      Summ           0%         N/A       100%        7


Dungeon Overview and Level Annotations

Branches:
Dungeon (11/15)            Temple (1/1) D:5            Lair (5/5) D:8
  Swamp (4/4) Lair:3       Spider (4/4) Lair:3        Slime (5/5) Lair:4
    Orc (2/2) D:9             Elf (0/3) Orc:2         Sewer (visited)
 Bailey (visited)         Volcano (visited)         Gauntlet (visited)

Altars:
Ashenzari
Cheibriados
Dithmenos
Elyvilon
Fedhas
Gozag
Hepliaklqana
Kikubaaqudgha
Makhleb
Nemelex Xobeh
Okawaru
Qazlal
Ru
Sif Muna
Trog
Uskayaw
Vehumet
Wu Jian
Xom
Yredelemnul
Zin
The Shining One
Jiyva

Shops:
D:4 =   D:6 *   D:11 *   Orc:2 ([=*?   Spider:3 (

Portals:
Trove: D:10 (give +6 demon blade)

Annotations:
Lair:4 3 runed translucent doors, mrw3rdna's ghost, journeyman MiFi
Orc:1 3 runed translucent doors, SheePop's ghost, journeyman GrEE


Innate Abilities, Weirdness & Mutations

((You are very nimble when in or above water. (Stealth+, EV+, Speed+++)))
Your lower body shifts to a powerful aquatic tail in water.
You have sharp fingernails.
You have very sharp teeth.
You are partially covered in iridescent scales. (AC +2)
Your spells are a little easier to cast, but a little less powerful.


Message History

You climb downwards.
The glass eye turns its gaze towards you.
The acid blob quivers.
Found twenty-nine items.
There is a stone staircase leading up here.
Your magical effects are unravelling.
You feel magically purged.
You feel yourself slow down.
You feel your willpower return.
You feel less fragile. The acid blob spits acid at you.
The splash of acid hits you. You resist.
* * * LOW HITPOINT WARNING * * *
The acid blob spits acid at you. The splash of acid hits you! You resist.
* * * LOW HITPOINT WARNING * * *
You slice the acid blob!!
Your hands burn!
* * * LOW HITPOINT WARNING * * *
The acid blob is moderately wounded.
Your +5 glaive of the Guard {elec, spectral} hits the acid blob!
Your +5 glaive of the Guard {elec, spectral} is burned by acid!
Your spectral weapon shares its damage with you!
* * * LOW HITPOINT WARNING * * *
The acid blob spits acid at you. The splash of acid hits you. You resist.
* * * LOW HITPOINT WARNING * * *
The acid blob spits acid at you.
The splash of acid hits you but does no damage.
The acid corrodes you! The glass eye gazes at you.
Your body becomes as fragile as glass!
As you read the scroll of fear, it crumbles to dust.
You assume a fearsome visage.
The glass eye looks frightened!
The acid blob resists with almost no effort.
The glass eye looks frightened!
The acid blob resists with almost no effort.
Your +5 glaive of the Guard {elec, spectral} disappears.
The acid blob spits acid at you. The splash of acid hits you! You resist.
You die...
Your body crumbles into a pile of gold.

##....... ..
#........ ###
#........ ![##
.........
$$$)####........
))$$##..........
:[)?/#..........
)[|?(#.J@.......
#####.G........
?):[[#.JG.......
[|?[?#..........
/$??##..........
!?)|###.........
[?## ##........
### #........ ..
.......


You could see 2 acid blobs and 2 glass eyes.

Vanquished Creatures
  Mara (Swamp:4)
  A bone dragon (Swamp:4)
  The ghost of Lemonizer the Brawler, an adept TrAE of Dithmenos (Spider:2)
  Asterion (Spider:1)
  2 acid blobs (Lair:4)
  Gastronok (Lair:2)
  2 thorn hunters
  2 rockslimes
  A fenstrider witch (Swamp:2)
  7 emperor scorpions
  3 azure jellies
  2 ghost moths
  2 broodmothers (Spider:2)
  An orc warlord (Orc:2)
  7 eleionomae
  A minotaur (Gauntlet)
  2 spark wasps (Spider:2)
  6 bunyips
  A green death (Gauntlet)
  Snorg (Lair:4)
  7 entropy weavers
  An ogre mage (Volcano)
  8 hydras
  A great orb of eyes (Slime:2)
  12 alligators
  Harold (D:11)
  5 ghost crabs
  9 two-headed ogres
  A jorogumo (Spider:2)
  3 radroaches
  12 death yaks
  A tengu warrior (Gauntlet)
  6 demonic crawlers
  2 hell hogs (Lair:5)
  9 boulder beetles
  2 orc high priests (Orc:2)
  A hell knight (Volcano)
  A skyshark (Lair:4)
  Sonja (Lair:4)
  6 goliath frogs
  3 orb spiders
  5 spriggan druids
  7 pharaoh ants
  10 bog bodies
  2 spectral hydras (Swamp:4)
  3 spectral alligators (Swamp:4)
  3 swamp dragons
  9 steelbarb worms
  A necromancer (Swamp:2)
  Pikel (D:7)
  A phantasmal warrior (Swamp:4)
  A sun moth (Spider:4)
  A lindwurm (Lair:5)
  A deep elf pyromancer (D:7)
  15 wolf spiders
  2 oklob plants
  6 orc sorcerers (Orc:2)
  A shining eye (Slime:1)
  4 will-o-the-wisps
  A cyclops (D:11)
  Maurice (D:11)
  2 alligator zombies (Swamp:4)
  A manticore (D:9)
  11 elephants
  3 moths of wrath
  2 kobold blastminers (Orc:2)
  13 slime creatures
  4 molten gargoyles
  8 meliai
  6 black mambas (Lair:5)
  An unseen horror (D:10)
  Joseph (D:7)
  Jeremiah (D:7)
  7 torpor snails
  6 cane toads
  2 orange demons (Gauntlet)
  Maggie (D:9)
  2 minotaur zombies (Gauntlet)
  4 swamp worm zombies (Swamp:4)
  3 rime drakes
  8 komodo dragons
  A kobold demonologist (D:9)
  2 tengu conjurers (Gauntlet)
  A troll (D:10)
  A bloated husk (Swamp:4)
  4 hydra zombies (Swamp:4)
  6 tyrant leeches
  5 hornets
  19 tarantellas
  9 blink frogs (Lair:5)
  2 spectral swamp dragons (Swamp:4)
  18 jumping spiders
  3 vampires
  7 spriggans
  A wraith (D:10)
  47 yaks
  13 culicivoras
  6 wyverns
  4 tyrant leech zombies (Swamp:4)
  3 wargs
  2 fire bats (Volcano)
  3 steam dragons
  64 redbacks
  8 basilisks
  5 vampire mosquitoes
  12 swamp worms
  An acid dragon (D:8)
  7 water moccasins
  5 hell hounds
  2 swamp drakes
  45 orc warriors
  A sky beast (D:6)
  2 ice beasts (D:6)
  3 black bears
  6 ogres
  6 wolves (Lair:5)
  3 swamp dragon zombies (Swamp:4)
  A crocodile (Sewer)
  12 centaurs
  11 phantoms
  3 lemures (D:7)
  3 kobold brigands
  3 gnoll sergeants
  5 bullfrogs
  A scorpion (D:6)
  14 wights
  7 killer bees
  10 howler monkeys
  12 lava snakes
  4 hounds
  2 bombardier beetles
  A gnoll bouda (D:9)
  26 orc priests
  2 sleepcaps
  Crazy Yiuf (D:7)
  4 iguanas
  24 orc wizards
  7 adders
  27 gnolls
  2 river rats (Sewer)
  A shadow imp (D:6)
  2 white imps (D:7)
  An ufetubus (D:7)
  3 dart slugs
  4 ribbon worms
  146 orcs
  12 ball pythons
  4 bats
  7 endoplasms
  6 giant cockroaches
  7 hobgoblins
  12 jackals
  A quokka (D:4)
  5 frilled lizards
  6 goblins
  A goblin skeleton (D:7)
  2 goblin zombies (D:7)
  2 hobgoblin zombies (D:7)
  13 kobolds
  A kobold skeleton (D:7)
  2 kobold zombies (D:7)
  An orc skeleton (D:7)
  2 orc zombies (D:7)
  10 rats
  A butterfly (Lair:4)
1059 creatures vanquished.

Vanquished Creatures (others)
  A bloated husk (Swamp:1)
  A vampire mosquito (Swamp:1)
  14 foxfires
  18 spectral weapons
34 creatures vanquished.

Grand Total: 1093 creatures vanquished

Notes
Turn   | Place    | Note
-------+----------+-------------------------------------------
     0 | D:1      | AgateBread the Merfolk Gladiator began the quest for the
                  | Orb.
     0 | D:1      | Reached XP level 1. HP: 16/16 MP: 1/1
   210 | D:1      | Reached XP level 2. HP: 23/23 MP: 2/2
   791 | D:1      | Reached XP level 3. HP: 27/28 MP: 3/3
  1730 | D:2      | Reached XP level 4. HP: 35/35 MP: 4/4
  1946 | D:2      | Reached skill level 5 in Polearms
  2751 | D:3      | Reached XP level 5. HP: 28/42 MP: 5/5
  2940 | D:3      | Found a bloodstained altar of Trog.
  3264 | D:3      | Reached skill level 6 in Polearms
  3562 | D:3      | Reached XP level 6. HP: 49/49 MP: 6/6
  3873 | D:4      | Found Faetuxug's Jewellery Shoppe.
  4300 | D:5      | Entered Level 5 of the Dungeon
  4327 | D:5      | Reached skill level 5 in Fighting
  4671 | D:5      | Found a staircase to the Ecumenical Temple.
  4961 | Temple   | Entered the Ecumenical Temple
  5019 | Temple   | Became a worshipper of Gozag Ym Sagoz the Greedy
  5117 | D:5      | Reached skill level 7 in Polearms
  5171 | D:5      | Reached XP level 7. HP: 22/57 MP: 7/7
  5717 | D:5      | Reached skill level 8 in Polearms
  6599 | D:6      | Found a shadowy altar of Dithmenos.
  6691 | D:6      | Reached skill level 9 in Polearms
  6701 | D:6      | Found Feushero's Fire Supplies.
  6721 | D:6      | Reached skill level 10 in Polearms
  6721 | D:6      | Reached XP level 8. HP: 46/64 MP: 8/8
  6768 | D:6      | Bought a +0 pair of boots of fire resistance for 149 gold
                  | pieces
  6840 | D:6      | Identified a scroll of acquirement
  6840 | D:6      | Acquired the +5 glaive of the Guard {elec, spectral}
  6840 | D:6      | Found the +5 glaive of the Guard {elec, spectral}
  7120 | D:6      | Found a white marble altar of Elyvilon.
  7162 | D:6      | Found a glowing drain.
  7172 | Sewer    | Entered a sewer
  7211 | Sewer    | Reached skill level 11 in Polearms
  7445 | Sewer    | Reached skill level 12 in Polearms
  7663 | D:6      | Found a hazy altar of Hepliaklqana.
  7684 | D:6      | Reached skill level 13 in Polearms
  7686 | D:6      | Reached XP level 9. HP: 69/69 MP: 9/9
  8052 | D:7      | Noticed Jeremiah
  8057 | D:6      | Reached skill level 14 in Polearms
  8227 | D:7      | Noticed a deep elf pyromancer
  8247 | D:7      | Killed a deep elf pyromancer
  8248 | D:7      | Reached skill level 15 in Polearms
  8582 | D:7      | Reached skill level 16 in Polearms
  8652 | D:7      | Found a sacrificial altar of Ru.
  9018 | D:7      | Found a glowing golden altar of the Shining One.
  9108 | D:7      | Noticed Pikel
  9114 | D:7      | Killed Pikel
  9115 | D:7      | Reached XP level 10. HP: 72/76 MP: 10/10
  9190 | D:7      | Found a runed translucent door.
  9191 | D:7      | Noticed Crazy Yiuf
  9195 | D:7      | Killed Crazy Yiuf
  9239 | D:7      | Reached skill level 17 in Polearms
  9361 | D:7      | Noticed Joseph
  9367 | D:7      | Killed Joseph
  9658 | D:7      | Killed Jeremiah
 10161 | D:8      | Reached skill level 18 in Polearms
 10277 | D:8      | Found a staircase to the Lair.
 10522 | D:8      | Reached skill level 19 in Polearms
 10939 | D:9      | Reached XP level 11. HP: 81/81 MP: 11/11
 10977 | D:9      | Found a staircase to the Orcish Mines.
 10986 | D:9      | Reached skill level 20 in Polearms
 10986 | D:9      | Noticed Maggie
 10993 | D:9      | Killed Maggie
 11012 | D:9      | Reached skill level 5 in Dodging
 11079 | D:9      | Found a flagged portal.
 11089 | Bailey   | Entered a bailey
 11518 | Bailey   | Identified the +8 triple sword of Xom's Reproof {flame,
                  | Str+3}
 11720 | D:9      | Found a shimmering altar of Xom.
 12125 | D:9      | Noticed a manticore
 12139 | D:9      | Killed a manticore
 12614 | D:10     | Entered Level 10 of the Dungeon
 12845 | D:10     | Found an ancient bone altar of Kikubaaqudgha.
 12854 | D:10     | Found a sparkling altar of Nemelex Xobeh.
 13008 | D:10     | Noticed a two-headed ogre
 13013 | D:10     | Killed a two-headed ogre
 13187 | D:10     | Found a portal to a secret trove of treasure.
 13242 | D:10     | Reached XP level 12. HP: 73/95 MP: 12/12
 14166 | D:11     | Noticed a two-headed ogre
 14189 | D:11     | Killed a two-headed ogre
 14190 | D:11     | Reached skill level 10 in Dodging
 14206 | D:11     | Noticed a two-headed ogre
 14211 | D:11     | Killed a two-headed ogre
 14212 | D:11     | Reached skill level 10 in Fighting
 14257 | D:11     | Noticed Maurice
 14264 | D:11     | Killed Maurice
 14378 | D:11     | Noticed a boulder beetle
 14384 | D:11     | Killed a boulder beetle
 14737 | D:11     | Noticed Harold
 14740 | D:11     | Killed Harold
 15128 | D:11     | Bought a scroll of identify for 62 gold pieces
 15128 | D:11     | Bought an orange potion for 27 gold pieces
 15128 | D:11     | Bought a scroll of blinking for 232 gold pieces
 15128 | D:11     | Bought a scroll of enchant armour for 232 gold pieces
 15217 | Orc:1    | Entered Level 1 of the Orcish Mines
 15421 | Orc:1    | Noticed SheePop's ghost (journeyman GrEE)
 15422 | Orc:1    | Noticed an orc warlord
 15427 | Orc:1    | Found a runed translucent gate.
 15427 | Orc:1    | Found a runed translucent gate.
 15427 | Orc:1    | Found a runed translucent gate.
 15900 | Orc:2    | Entered Level 2 of the Orcish Mines
 15957 | Orc:2    | Noticed a two-headed ogre
 15964 | Orc:2    | Killed a two-headed ogre
 16057 | Orc:2    | Found Abuwkawk's Jewellery Emporium.
 16071 | Orc:2    | Bought a ring of resist corrosion for 340 gold pieces
 16109 | Orc:2    | Noticed a two-headed ogre
 16130 | Orc:2    | Killed a two-headed ogre
 16148 | Orc:2    | Found Efilavaa's General Store.
 16185 | Orc:2    | Found a dark tunnel.
 16201 | Volcano  | Entered a volcano
 16778 | Volcano  | Found a radiant altar of Vehumet.
 16778 | Volcano  | Noticed a two-headed ogre
 16778 | Volcano  | Noticed a two-headed ogre
 16778 | Volcano  | Noticed an ogre mage
 16778 | Volcano  | Noticed a two-headed ogre
 16780 | Volcano  | Killed a two-headed ogre
 16784 | Volcano  | Killed a two-headed ogre
 16785 | Volcano  | Reached XP level 13. HP: 106/106 MP: 13/13
 17770 | Orc:2    | Bought 2 scrolls of identify for 72 gold pieces
 17770 | Orc:2    | Bought a +2 pair of gloves for 297 gold pieces
 18251 | Orc:2    | Noticed an orc warlord
 18266 | Orc:2    | Paralysed by an orc sorcerer for 2 turns
 18270 | Orc:2    | Reached skill level 15 in Dodging
 18289 | Orc:2    | Killed an orc warlord
 18351 | Orc:2    | Found Zoiveuta's Antique Armour Shoppe.
 18440 | Orc:2    | Found Gadux's Antique Weapon Emporium.
 18452 | Orc:2    | Bought a dazzling chain mail for 304 gold pieces
 18452 | Orc:2    | Identified the +0 chain mail "Epnoar" {Str+2 Dex-2 SInv}
                  | (You bought it in a shop on level 2 of the Orcish Mines)
 18452 | Orc:2    | Bought a faintly humming ring mail for 288 gold pieces
 18452 | Orc:2    | Identified the +3 ring mail of Protective Custody {^Contam
                  | ^Drain Str+2 Slay+6} (You bought it in a shop on level 2 of
                  | the Orcish Mines)
 18527 | Orc:2    | Found a staircase to the Elven Halls.
 18942 | Orc:2    | Found Bago Uwk's Magic Scroll Boutique.
 18951 | Orc:2    | Paralysed by an orc sorcerer for 2 turns
 18985 | Orc:2    | Bought a scroll of identify for 20 gold pieces
 18985 | Orc:2    | Bought a scroll of identify for 20 gold pieces
 18985 | Orc:2    | Bought a scroll of fog for 40 gold pieces
 18985 | Orc:2    | Bought a scroll of fear for 40 gold pieces
 18985 | Orc:2    | Bought a scroll of identify for 20 gold pieces
 18985 | Orc:2    | Bought a scroll of blinking for 75 gold pieces
 19599 | Lair:1   | Entered Level 1 of the Lair of Beasts
 19609 | Lair:1   | Found a gate leading to a gauntlet.
 19620 | Gauntlet | Entered a Gauntlet
 19620 | Gauntlet | Found a transporter.
 19620 | Gauntlet | Found a transporter.
 19620 | Gauntlet | Found a runed translucent door.
 19621 | Gauntlet | Found a runed translucent door.
 19626 | Gauntlet | Found a transporter.
 19627 | Gauntlet | Found a transporter.
 19629 | Gauntlet | Found a transporter.
 19670 | Gauntlet | Found a transporter.
 19673 | Gauntlet | Found a transporter.
 19673 | Gauntlet | Found a transporter.
 19677 | Gauntlet | Noticed a green death
 19690 | Gauntlet | Found a transporter.
 19708 | Gauntlet | Found a transporter.
 19723 | Gauntlet | Found a transporter.
 19724 | Gauntlet | Noticed a blizzard demon
 19736 | Gauntlet | Found a transporter.
 19787 | Gauntlet | Found a transporter.
 19804 | Gauntlet | Found a transporter.
 19876 | Gauntlet | Identified the +0 cloak of Watchfulness {Str+3}
 19923 | Gauntlet | Identified the ring "Xueca" {Wiz rC+ Str-2 Int+3 Dex+9}
 19960 | Gauntlet | Killed a green death
 19970 | Gauntlet | Identified the ring "Epyrhol" {Fire Will+ Str+2}
 20019 | Gauntlet | Noticed a minotaur
 20023 | Gauntlet | Killed a minotaur
 20510 | Lair:1   | Reached XP level 14. HP: 121/121 MP: 14/14
 20797 | Lair:1   | Reached skill level 15 in Fighting
 21177 | Lair:2   | You fall into a shaft and drop 1 floor!
 21235 | Lair:3   | Reached skill level 1 in Armour
 21547 | Lair:3   | Found a hole to the Spider Nest.
 21739 | Lair:3   | Found a staircase to the Swamp.
 22308 | Lair:2   | Identified the +10 whip of Viunowuf {flame, ^Contam rPois
                  | rC+ Stlth+}
 22344 | Lair:2   | Noticed Gastronok
 22356 | Lair:2   | Killed Gastronok
 22357 | Lair:2   | Reached skill level 5 in Armour
 23667 | Lair:4   | Found a viscous altar of Jiyva.
 23667 | Lair:4   | Found a staircase to the Slime Pits.
 23708 | Lair:4   | Noticed Sonja
 23712 | Lair:4   | Killed Sonja
 23792 | Lair:4   | Noticed Snorg
 23798 | Lair:4   | Killed Snorg
 24009 | Lair:4   | Found a runed translucent gate.
 24009 | Lair:4   | Found a runed translucent gate.
 24009 | Lair:4   | Found a runed translucent gate.
 24009 | Lair:4   | Noticed an acid blob
 24009 | Lair:4   | Noticed an azure jelly
 24009 | Lair:4   | Noticed an acid blob
 24009 | Lair:4   | Noticed an acid blob
 24009 | Lair:4   | Noticed an acid blob
 24009 | Lair:4   | Noticed an acid blob
 24010 | Lair:4   | Noticed a quicksilver ooze
 24010 | Lair:4   | Noticed mrw3rdna's ghost (journeyman MiFi)
 24308 | Lair:4   | Noticed an acid blob
 24309 | Lair:4   | Found a viscous altar of Jiyva.
 24309 | Lair:4   | Noticed an azure jelly
 24309 | Lair:4   | Noticed an acid blob
 24479 | Lair:4   | Found a blossoming altar of Fedhas.
 24923 | Lair:5   | Entered Level 5 of the Lair of Beasts
 25051 | Lair:5   | Reached XP level 15. HP: 97/129 MP: 15/15
 25580 | Lair:5   | Found a large runed translucent door.
 25704 | Lair:5   | Found a large runed translucent door.
 25723 | Lair:5   | Reached skill level 10 in Armour
 26396 | Spider:1 | Entered Level 1 of the Spider Nest
 26699 | Spider:1 | Noticed an emperor scorpion
 26704 | Spider:1 | Killed an emperor scorpion
 26917 | Spider:1 | Noticed a ghost moth
 26921 | Spider:1 | Killed a ghost moth
 27595 | Spider:2 | Found a transporter.
 27597 | Spider:2 | Found the +9 sword of Power {lifebolt}
 27597 | Spider:2 | Noticed an emperor scorpion
 27600 | Spider:2 | Noticed Lemonizer's ghost (adept TrAE)
 27645 | Spider:2 | Found a transporter.
 27709 | Spider:2 | Reached XP level 16. HP: 136/136 MP: 16/16
 27871 | Spider:2 | Noticed Asterion
 27897 | Spider:1 | Gained mutation: You sometimes lose your temper in combat.
                  | [a cacodemon]
 27903 | Spider:1 | Killed Asterion
 29282 | Spider:2 | Lost mutation: You sometimes lose your temper in combat.
                  | [potion of mutation]
 29282 | Spider:2 | Gained mutation: You have sharp fingernails. [potion of
                  | mutation]
 29282 | Spider:2 | Gained mutation: You have very sharp teeth. [potion of
                  | mutation]
 29282 | Spider:2 | Gained mutation: You are partially covered in iridescent
                  | scales. (AC +2) [potion of mutation]
 29403 | Spider:2 | Killed Lemonizer's ghost
 29467 | Spider:2 | Acquired a +0 bardiche of protection
 30578 | Spider:4 | Entered Level 4 of the Spider Nest
 31038 | Spider:3 | Bought the +16 obsidian axe {drain, demonic, Mesm ^Drain
                  | Fly SInv} for 3511 gold pieces
 31038 | Spider:3 | Found the +16 obsidian axe {drain, demonic, Mesm ^Drain Fly
                  | SInv}
 31053 | Spider:3 | Acquired a manual of Axes
 31122 | Spider:4 | Reached skill level 1 in Axes
 31223 | Spider:4 | Reached skill level 5 in Axes
 31333 | Spider:4 | Reached XP level 17. HP: 142/142 MP: 17/17
 32307 | Spider:4 | Got a gossamer rune of Zot
 32316 | Spider:4 | Found the +3 crown of Dyrovepreva {rElec Int+2 SInv}
 33725 | Swamp:1  | Entered Level 1 of the Swamp
 34362 | Swamp:1  | Reached skill level 10 in Axes
 38238 | Swamp:4  | Entered Level 4 of the Swamp
 38292 | Swamp:4  | Reached XP level 18. HP: 117/149 MP: 18/18
 38443 | Swamp:4  | Noticed Mara
 38451 | Swamp:4  | Noticed AgateBread's illusion
 38452 | Swamp:4  | Killed Mara
 38828 | Swamp:4  | Noticed a bone dragon
 38872 | Swamp:4  | Killed a bone dragon
 39118 | Swamp:4  | Got a decaying rune of Zot
 39490 | Slime:1  | Entered Level 1 of the Pits of Slime
 39493 | Slime:1  | Reached skill level 1 in Evocations
 39962 | Lair:4   | Reached skill level 5 in Evocations
 41125 | Slime:4  | Gained mutation: Your spells are a little easier to cast,
                  | but a little less powerful. [a shining eye]
 41135 | Slime:5  | Entered Level 5 of the Pits of Slime
 41138 | Slime:5  | HP: 7/149 [acid (2)]
 41138 | Slime:5  | HP: 1/149 [acid blob/splash of acid (5)]
 41139 | Slime:5  | Killed from afar by an acid blob

Illustrated notes

Levels and vault maps discovered:
D:1:      dpeg_arrival_more_subterranean_lakeside_camping, layout_loops_ring
D:2:      layout_basic, nicolae_figureground_pulse
D:3:      layout_loops_ring, amcnicky_altar_gilded, serial_bayou_pond_c
D:4:      layout_rooms, serial_shops, shop_coins
D:5:      layout_loops_cross, temple_green
D:6:      layout_loops_ring, mainiacjoe_overflow_catwalk,
          mainiacjoe_overflow_cross_hatched, mainiacjoe_overflow_24_doors,
          portal_sewer_entry_d, nicolae_shop_fire_sale [nicolae_sub_dead_trees],
          hex_tiny
D:7:      kennysheep_spiral_hall, layout_basic, nicolae_tso_besieged_by_evil,
          mainiacjoe_overflow_tiny_flanked, minmay_chambers_of_fives,
          uniq_joseph, uniq_pikel, uniq_jeremiah, uniq_crazy_yiuf_cottage
D:8:      minmay_spotlight, layout_rooms, david_lair_shrubbed, chequers_avenue
D:9:      layout_layer_cave, lemuel_doored_altar, hiddenorc2_lemuel,
          enter_bailey_3, uniq_maggie
D:10:     layout_layer_cave, jmf_multi_god_temple,
          nicolae_trove_entry_free_sample, minmay_misc_feat_tower,
          dreamdust_deal_with_the_devil, kennysheep_generic_room_13
D:11:     layout_long_grid, uniq_harold, uniq_maurice
Temple:   compressed_dpeg_triangle_lava_temple
Lair:1:   layout_regular_city, gauntlet_entry_generic
Lair:2:   layout_long_grid, uniq_gastronok
Lair:3:   layout_chaotic_city, swamp_mist, spider_nest_entry_webs,
          minmay_stone_trees_small, serial_bayou_shore_b
Lair:4:   layout_regular_city, dpeg_slime_entry_enclosed, gammafunk_ghost_ooze,
          tgw_fedhas, lemuel_fruit_fields, uniq_sonja, uniq_snorg
Lair:5:   cheibrodos_lair_end_hotspot, layout_big_grid
Swamp:1:  layout_falls_marsh, infiniplex_staircase_pool, swamp_pool_1_2
Swamp:2:  nicolae_swamp_standing_stones, layout_basic_swamp,
          hangedman_swamp_lotus, swamp_pool_3, nicolae_swamp_fairy_circle,
          nicolae_swamp_spriggan_camp
Swamp:3:  layout_basic_swamp, nicolae_swamp_triple_paths
Swamp:4:  swamp_pestilence, layout_basic_swamp, nicolae_swamp_tree_isthmus,
          uniq_mara
Spider:1: layout_spider_delve
Spider:2: layout_spider_delve, gammafunk_ghost_arena, nicolae_spider_circle_web,
          uniq_asterion
Spider:3: layout_spider_delve
Spider:4: hellmonk_spider_rune_bug_friends
Slime:1:  layout_caves, special_room [special_room_jelly]
Slime:2:  layout_caves, special_room [special_room_jelly]
Slime:3:  layout_caves, nicolae_slime_crime_time
Slime:4:  layout_caves
Slime:5:  slime_pit_nicolae_jellycorners
Orc:1:    layout_caves, gammafunk_ghost_split, nicolae_orc_crystal_geode
Orc:2:    grunt_orc_community_town_hall, layout_caves,
          grunt_orc_community_big_house_1, grunt_orc_community_big_house_1,
          grunt_orc_community_house_1, grunt_orc_community_house_1,
          grunt_orc_community_house_3, grunt_orc_community_house_1,
          grunt_orc_community_house_3, serial_shops,
          nicolae_shop_hallway_stairs, enter_volcano_3, bh_open_orc_temple

Skill      XL: |  1  2  3  4  5  6  7  8  9 10 11 12 13 14 15 16 17 18 |
---------------+-------------------------------------------------------+-----
Fighting       | 3 4 5 9 11 14 15 | 15.0
Polearms       | 5 6 7 10 13 16 19 20 | 20.0
Dodging        | 9 13 16 | 16.0
Armour         | 8 12 14 | 14.2
Axes           | 6 13 14 | 14.5
Evocations     | 7 |  7.6
Throwing       | |  2.6

Action                     |  1- 3 |  4- 6 |  7- 9 | 10-12 | 13-15 | 16-18 || total
---------------------------+-------+-------+-------+-------+-------+-------++-------
  Melee: Trident           |   132 |   201 |   131 |       |       |       ||   464
         Punch             |       |     3 |     1 |       |       |       ||     4
         Glaive            |       |       |    85 |   393 |   564 |   739 ||  1781
         Tailslap          |       |       |     2 |     2 |       |    13 ||    17
         Bite              |       |       |       |       |       |   106 ||   106
  Throw: Javelin           |     2 |     4 |     5 |     7 |    15 |    15 ||    48
         Dart              |       |     8 |     6 |       |       |       ||    14
         Throwing net      |       |     1 |       |       |     1 |     6 ||     8
 Invoke: Call Merchant     |       |       |       |     1 |       |     1 ||     2
         Potion Petition   |       |       |       |       |       |     3 ||     3
  Evoke: Wand              |       |       |       |     1 |     3 |     2 ||     6
    Use: Scroll            |       |     4 |     6 |    11 |     9 |    19 ||    49
         Potion            |       |       |     1 |       |     1 |    21 ||    23
   Stab: Sleeping          |     1 |       |       |       |       |       ||     1
         Distracted        |       |       |       |    14 |     9 |    24 ||    47
         Held in net/web   |       |       |       |       |       |     3 ||     3
 Armour: Leather armour    |    34 |       |       |       |       |       ||    34
         Ring mail         |    32 |   122 |    96 |    85 |   130 |   209 ||   674
         Scale mail        |       |       |       |    29 |       |       ||    29
         Gold dragon scale |       |       |       |       |       |   333 ||   333
         Plate armour      |       |       |       |       |       |    97 ||    97
         Skin              |       |       |       |       |       |     2 ||     2
  Dodge: Dodged            |    83 |   126 |    95 |   184 |   242 |   546 ||  1276
